 Dungeon Crawl Stone Soup version 0.26.0-18-gc5c842f807 (webtiles) character file.

Game seed: 16353989307379733750

141 kaeus the Firebug (level 5, -2/28 HPs)
             Began as a Gargoyle Fire Elementalist on Jan 24, 2021.
             Killed from afar by Natasha (12 damage)
             ... with a magic dart
             ... on level 3 of the Dungeon.
             The game lasted 00:03:09 (5148 turns).

kaeus the Firebug (Gargoyle Fire Elementalist)      Turns: 5148, Time: 00:03:10

Health: -2/28      AC:  0    Str: 12    XL:     5   Next: 24%
Magic:  9/9        EV: 19    Int: 16    God:
Gold:   130        SH:  0    Dex: 15    Spells: 8/9 levels left

rFire    . . .     SeeInvis .   (weapon currently unavailable)
rCold    . . .     Faith    .   (shield currently unavailable)
rNeg     + . .     Spirit   .   (armour currently unavailable)
rPois    ∞         Reflect  .   (helmet currently unavailable)
rElec    .         Harm     .   (cloak currently unavailable)
rCorr    .         Rampage  .   (gloves currently unavailable)
Will     .....                  (boots currently unavailable)
Stlth    ++........             (no amulet)
HPRegen  0.09/turn              (ring currently unavailable)
MPRegen  0.11/turn              (ring currently unavailable)

@: bat-form (expiring), flying, very quick
A: tiny, negative energy resistance 1, petrification resistance, miasma
immunity, AC +4
a: Stop Flying


You were on level 3 of the Dungeon.
You were in bat-form.
You visited 1 branch of the dungeon, and saw 3 of its levels.

You collected 130 gold pieces.

Inventory:

Hand Weapons
 l - a +1 short sword of holy wrath
 m - a +2 hand axe of venom (melded)
 n - a +0 hand axe of freezing
Armour
 a - a +0 robe (melded)
 q - a +1 helmet (melded)
Wands
 o - a wand of iceblast (8)
Scrolls
 c - 2 scrolls of teleportation {unknown}
 d - a scroll of blinking {unknown}
 i - 2 scrolls of amnesia
 k - 4 scrolls of identify
Potions
 b - a potion of curing {unknown}
 e - 2 potions of lignification {unknown}
 f - a potion of brilliance {unknown}
 g - a potion of heal wounds {unknown}
 p - a potion of magic {unknown}


   Skills:
 - Level 1.5 Dodging
 - Level 2.1 Stealth
 + Level 2.7 Spellcasting
 * Level 3.3 Conjurations
 * Level 4.3 Fire Magic


You had 8 spell levels left.
You knew the following spells:

 Your Spells              Type           Power        Failure   Level
a - Foxfire               Conj/Fire      56%          4%          1

Your spell library contained the following spells:

 Spells                   Type           Power        Failure   Level
 Conjure Flame            Conj/Fire      14%          12%         3
 Inner Flame              Hex/Fire       9%           24%         3
 Sticky Flame             Conj/Fire      14%          36%         4
 Fireball                 Conj/Fire      7%           73%         5


Dungeon Overview and Level Annotations

Branches:
Dungeon (3/15)

Altars:

Annotations:
D:3 Natasha


Innate Abilities, Weirdness & Mutations

You are resistant to torment.
((Your stone body is resilient. (AC +4)))
You are immune to poison.
You resist negative energy. (rN+)
((You are resistant to electric shocks. (rElec)))
((You can survive without breathing.))
You are immune to petrification.
You are immune to miasma.


Message History

You take 9 damage, and have 19/28 hp.
MASSIVE DAMAGE!!
You hit Natasha but do no damage.
Natasha is lightly wounded.
Natasha claws you!
There are monsters nearby!
You take 10 damage, and have 9/28 hp.
MASSIVE DAMAGE!!
You are too injured to fight recklessly!
There are monsters nearby!
You are too injured to fight recklessly!
There are monsters nearby!
You are too injured to fight recklessly!
There are monsters nearby!
Natasha zaps a wand.
The shadow imp shouts, "Run away, thou infectious fob-snatching strumpet!"
Your transformation is almost over.
Natasha zaps a wand.
You resist with some effort.
MP restored: 9 Natasha casts a spell at you.
The magic dart hits you!
You die...

#.##..# #.# ### #.##..# #.## ..#
#.##..# #... #.#### #.##..# #.##
.....##########.##.)## #.##
#.##.................# #...
#.#########.###..#...# #.## #.#
#..........#########.## #.#
#.###.b#......)........
#.#########.###..###.#######.###.
#................# #.# #.# #.
###########.####.# #.# #.# ##
######## #.# #.# #.# #.# .......#
#.# #.# #.# ##.# ######.#
#.####.# #.# #..# #.#
#.....h###.# #.##### #.#
#......5.).######.# #..


You could see Natasha.

Vanquished Creatures
  Natasha (twice) (D:3)
  2 adders
  2 worms (D:2)
  4 dart slugs
  A leopard gecko (D:3)
  3 giant cockroaches (D:2)
  9 goblins
  11 hobgoblins
  4 jackals (D:2)
  5 kobolds
  A quokka (D:2)
  4 ball pythons
  2 bats
  2 frilled lizards (D:2)
  2 rats (D:2)
54 creatures vanquished.

Vanquished Creatures (others)
  167 foxfires
167 creatures vanquished.

Grand Total: 221 creatures vanquished

Notes
Turn   | Place    | Note
-------+----------+-------------------------------------------
     0 | D:1      | kaeus the Gargoyle Fire Elementalist began the quest for
                  | the Orb.
     0 | D:1      | Reached XP level 1. HP: 10/10 MP: 3/3
   403 | D:1      | Reached XP level 2. HP: 7/15 MP: 0/5
  1479 | D:2      | Reached XP level 3. HP: 19/19 MP: 0/6
  2720 | D:2      | Found a faded altar of an unknown god.
  2987 | D:2      | Reached XP level 4. HP: 24/24 MP: 1/7
  3683 | D:3      | Reached skill level 4 in Fire Magic
  4006 | D:3      | Noticed Natasha
  4012 | D:3      | Killed Natasha
  4867 | D:3      | Noticed Natasha
  4872 | D:3      | Killed Natasha
  4873 | D:3      | Reached XP level 5. HP: 28/28 MP: 3/9
  5121 | D:3      | Noticed Natasha
  5148 | D:3      | Killed from afar by Natasha

Illustrated notes

Levels and vault maps discovered:
D:1:      scummos_arrival_forest, layout_basic
D:2:      layout_basic, chequers_ecumenical_altar_simple
D:3:      layout_loops_ring, uniq_natasha

Skill      XL: |  1  2  3  4 |
---------------+-------------+-----
Conjurations   | 2 3 |  3.3
Fire Magic     | 4 |  4.3
Dodging        | |  1.5
Stealth        | |  2.1
Spellcasting   | |  2.7

Action                   |  1- 3 |  4- 6 || total
-------------------------+-------+-------++-------
Melee: Dagger            |    74 |       ||    74
       Hand axe          |     8 |    18 ||    26
       Unarmed           |       |     8 ||     8
 Cast: Foxfire           |   107 |    47 ||   154
  Use: Scroll            |       |     7 ||     7
 Stab: Sleeping          |     1 |       ||     1
Armor: Robe              |    30 |     5 ||    35
Dodge: Dodged            |    45 |    12 ||    57
